Construct Section Command Post
Selects Air and Sea Battlegroup
Construct Platoon Command Post
Construct Field Infirmary
Unlock M3 Stuart Light Tanks
Construct Field Infirmary
Unlock Bishop Self-propelled Artillery
Selects Commando Section Paradrop
Selects M1 Pack Howitzer Paradrop
M1 Pack Howitzer Paradrop
Bishop Self-propelled Artillery
Bishop Self-propelled Artillery
Commando Section Paradrop
Construct Company Command Post
Unlock M3 Grant Medium Tanks